 Dungeon Crawl Stone Soup version 0.32-a0-314-g526f7d4993 (webtiles) character file.

Game seed: 15819257475998051318

340 Monkooky the Chopper (level 6, -1/44 HPs)
             Began as a Mummy Summoner on Feb 15, 2024.
             Was a Plaything of Xom.
             Slain by a ribbon worm (2 damage)
             ... on level 3 of the Dungeon.
             The game lasted 00:10:39 (3034 turns).

Monkooky the Chopper (Mummy Summoner)               Turns: 3034, Time: 00:10:40

Health: -1/44      AC:  2    Str: 14    XL:     6   Next: 30%
Magic:  5/10       EV: 12    Int: 14    God:    Xom [......]
Gold:   143        SH:  0    Dex: 12    Spells: 7/10 levels left

rFire   x . .        c - +0 hand axe
rCold   + . .        h - orb {light}
rNeg    + + +        a - +0 robe
rPois   ∞            (no helmet)
rElec   .            e - scarf {+Inv}
rCorr   .            (no gloves)
SInv    .            (no boots)
Will    .....        (no amulet)
Stlth   +            (no ring)
HPRegen 0.27/turn    (no ring)
MPRegen 0.12/turn

%: faith
@: glowing
A: cold resistance 1, negative energy resistance 3, torment resistance 2, heat
vulnerability 1, in touch with death 1, no potions, faith
a: Renounce Religion, Evoke Invisibility


You were on level 3 of the Dungeon.
You worshipped Xom.
You were a very special plaything of Xom.
You visited 1 branch of the dungeon, and saw 4 of its levels.

You collected 143 gold pieces.

Inventory:

Hand Weapons
 c - a +0 hand axe (weapon)
Missiles
 i - 3 atropa-tipped darts
Armour
 a - a +0 robe (worn)
 e - a scarf of invisibility (worn)
 f - a +0 scale mail
 g - a +0 plate armour
 h - an orb of light (worn)
Magical Staves
 b - a staff of death
Wands
 n - a wand of flame (9) (quivered)
Scrolls
 d - 2 scrolls of enchant armour
 k - a scroll of noise
 l - 2 scrolls of blinking
 m - 2 scrolls of enchant weapon


   Skills:
 - Level 2.2 Fighting
 + Level 4.6 Axes
 - Level 1.6 Dodging
 - Level 1.7 Stealth
 - Level 2.8 Spellcasting
 - Level 3.3 Summonings


You had 7 spell levels left.
You knew the following spells:

 Your Spells              Type           Power      Damage    Failure   Level
a - Summon Small Mammal   Summ           44%        N/A       5%          1
b - Call Imp              Summ           22%        N/A       9%          2

Your spell library contained the following spells:

 Spells                   Type           Power      Damage    Failure   Level
 Call Canine Familiar     Summ           11%        N/A       17%         3
 Freeze                   Ice            4%         1d3       22%         1
 Frozen Ramparts          Ice            2%         1d1       54%         3
 Hailstorm                Conj/Ice       1%         3d5       54%         3
 Summon Blazeheart Golem  Fire/Summ      6%         N/A       73%         4
 Summon Lightning Spire   Summ/Air       6%         N/A       73%         4


Dungeon Overview and Level Annotations

Branches:
Dungeon (4/15)
 Temple: D:4-7

Altars:
Vehumet
Xom

Shops:
D:1 (   D:2 =


Innate Abilities, Weirdness & Mutations

You are immune to poison.
Your flesh is cold resistant. (rC+)
You are immune to negative energy. (rN+++)
You are immune to unholy pain and torment.
You are vulnerable to heat. (rF-)
You are in touch with the powers of death.
You do not drink.
You have a special connection with the divine. (Faith)


Message History

The ribbon worm expels a string of sticky webbing.
The stream of webbing hits you but does no damage.
You are caught in a web!
You struggle to detach yourself from the web.
The hobgoblin misses your cerulean imp.
Your cerulean imp closely misses the hobgoblin.
Unknown command.
The web tears apart.
The bat hits you.
* * * LOW HITPOINT WARNING * * *
The bat hits you.
* * * LOW HITPOINT WARNING * * *
The ribbon worm closely misses you.
The gnoll hits you from afar with a +0 spear.
* * * LOW HITPOINT WARNING * * *
The hobgoblin closely misses your cerulean imp.
Your cerulean imp hits the hobgoblin with a -3 spear.
The hobgoblin dies!
Unknown command.
Aiming: Throw Flame
Press: ? - help, Q - select action, (/) - cycle Shift-Dir - straight line, f/p - gnoll
Aim: a gnoll, wielding a +0 spear (severely wounded, haloed, 82% to hit)
The puff of flame hits the gnoll.
You kill the gnoll!
The bat hits you but does no damage. The ribbon worm barely misses you.
Your cerulean imp hits the ribbon worm but does no damage.
You hit the ribbon worm.
The ribbon worm is heavily wounded.
The bat hits you but does no damage. The adder misses your cerulean imp.
The bat barely misses you. The ribbon worm bites you.
* * * LOW HITPOINT WARNING * * *
Your cerulean imp hits the ribbon worm from afar with a -3 spear.
The adder barely misses your cerulean imp.
You hit the ribbon worm.
The ribbon worm is almost dead.
You barely miss the bat. The bat hits you.
* * * LOW HITPOINT WARNING * * *
The adder completely misses your cerulean imp.
Your cerulean imp hits the ribbon worm from afar with a -3 spear.
The ribbon worm bites you.
You die...

#...#
#5##'##+##+##
###.###
#.###).#
....#
####†..#
....# #...##
...## #..##
...# #'##+##+
...# #.....b#
...# #.)..w.#
#### #†..).@#
#..)###5..#
#...# S..#
#.!.# ...#
####w ...# .
...# . ...#
####


You could see a ribbon worm (ally target), an adder, a bat and a friendly
cerulean imp (summoned).

Vanquished Creatures
  A killer bee (D:2)
  A hound (D:3)
  A scorpion zombie (D:3)
  A hound skeleton (D:3)
  3 gnolls (D:3)
  An adder (D:2)
  An adder zombie (D:3)
  4 dart slugs
  4 orcs
  3 endoplasms
  2 giant cockroaches (D:2)
  5 goblins
  A hobgoblin (D:3)
  A quokka (D:2)
  A ball python (D:2)
  3 bats (D:2)
  2 frilled lizards (D:1)
  A giant cockroach zombie (D:3)
  3 kobolds
  3 rats
42 creatures vanquished.

Vanquished Creatures (collateral kills)
  An orc wizard (D:3)
  An adder (D:3)
  2 gnolls
  A dart slug (D:2)
  2 orcs
  2 bats (D:1)
  4 endoplasms
  2 goblins (D:1)
  4 hobgoblins
  A quokka (D:2)
  3 ball pythons
  A frilled lizard (D:1)
  5 kobolds
  A rat (D:1)
30 creatures vanquished.

Grand Total: 72 creatures vanquished

Notes
Turn   | Place    | Note
-------+----------+-------------------------------------------
     0 | D:1      | Monkooky the Mummy Summoner began the quest for the Orb.
     0 | D:1      | Reached XP level 1. HP: 13/13 MP: 4/4
    97 | D:1      | Noticed a +0 demon trident
   102 | D:1      | Noticed a +0 great mace
   103 | D:1      | Found Hidghu's Weapon Emporium.
   134 | D:1      | Reached skill level 1 in Fighting
   176 | D:1      | Reached XP level 2. HP: 21/21 MP: 2/5
   179 | D:1      | Learned a level 2 spell: Call Imp
   349 | D:1      | Found a faded altar of an unknown god.
   358 | D:1      | Prayed at the altar of an unknown god.
   358 | D:1      | Became a worshipper of Xom of Chaos
   707 | D:1      | XOM: noise
   772 | D:1      | XOM: butterfly on damage
   774 | D:1      | Reached XP level 3. HP: 14/27 MP: 7/7
  1013 | D:1      | XOM: silly message
  1046 | D:1      | XOM: fog
  1058 | D:1      | Reached skill level 1 in Axes
  1319 | D:2      | XOM: god gift: 44 gold pieces
  1389 | D:2      | You fall into a shaft and drop 1 floor!
  1399 | D:3      | Found a radiant altar of Vehumet.
  1419 | D:3      | XOM: summons friendly crimson imp
  1426 | D:3      | Reached skill level 2 in Axes
  1426 | D:3      | Reached XP level 4. HP: 22/33 MP: 4/8
  1526 | D:2      | XOM: cast spell 'Summon Dragon'
  1555 | D:2      | XOM: scenery: summon butterflies
  1560 | D:2      | Found Qamiebb's Jewellery Shop.
  1591 | D:2      | XOM: cloud trail
  1609 | D:2      | XOM: 6-stop teleportation journey
  1622 | D:2      | XOM: smoke on damage
  1644 | D:2      | Reached skill level 3 in Axes
  1644 | D:2      | Reached XP level 5. HP: 13/38 MP: 1/9
  1919 | D:2      | XOM: silly message
  2520 | D:3      | XOM: repel stairs
  2539 | D:3      | XOM: enchant monster (bad)
  2569 | D:3      | XOM: stat loss: -1 Str (13/14)
  2856 | D:4      | Reached skill level 4 in Axes
  2953 | D:3      | Reached XP level 6. HP: 32/44 MP: 6/10
  3031 | D:3      | HP: 2/44 [gnoll/+0 spear (4)]
  3034 | D:3      | Slain by a ribbon worm

Illustrated notes

Levels and vault maps discovered:
D:1:      dpeg_arrival_orchard, layout_basic,
          shapermc_ecumenical_altar_mp_ritualfount, serial_shops,
          nicolae_shop_mannequins, moated_statue, minmay_misc_feat_pillars,
          serial_park_tiny_pond
D:2:      minmay_alternating_diamond, layout_loops_ring, serial_shops,
          nicolae_shop_gaudy_bauble
D:3:      minmay_chambers_of_threes, layout_rooms,
          mainiacjoe_overflow_surrounded_room, serial_undead, serial_undead_f,
          serial_undead_e, serial_undead_b, serial_undead_b
D:4:      layout_layer_cave

Skill      XL: |  1  2  3  4  5 |
---------------+----------------+-----
Fighting       | 1 2 |  2.2
Axes           | 2 3 4 |  4.6
Dodging        | |  1.6
Stealth        | |  1.7
Spellcasting   | |  2.8
Summonings     | |  3.3

Action                     |  1- 3 |  4- 6 || total
---------------------------+-------+-------++-------
  Melee: Unarmed           |    33 |       ||    33
         Hand axe          |    20 |   120 ||   140
   Cast: Summon Small Mamm |    24 |    12 ||    36
         Call Imp          |     2 |     6 ||     8
  Evoke: Wand              |       |    14 ||    14
    Use: Scroll            |       |     9 ||     9
   Stab: Distracted        |       |     3 ||     3
         Sleeping          |       |     1 ||     1
 Armour: Robe              |    34 |   102 ||   136
  Dodge: Dodged            |    37 |   126 ||   163

Table legend: (Time is in decaauts)
 A = Elapsed time spent in this place.
 B = Non-inter-level travel time spent in this place.
 C = Inter-level travel time spent in this place.
 D = Time resting spent in this place.
 E = Time spent auto-exploring this place.
 F = Levels seen in this place.
 G = Mean time per level.
                   A        B        C        D        E       F      G
               +--------+--------+--------+--------+--------+-----+--------+
         Total |   3053 |   2824 |    229 |    101 |   2016 |   4 |  763.2 |
       Dungeon |   3053 |   2824 |    229 |    101 |   2016 |   4 |  763.2 |
               +--------+--------+--------+--------+--------+-----+--------+

Top non-repeatable levels by time:
     D:1: 1402 daAuts
     D:2: 1029 daAuts
     D:4: 332 daAuts
     D:3: 289 daAuts
